Description

This is PiG's 7 gate blink stalker attack, which he uses in diamond 1.

VOD

https://youtu.be/r2l2IUjJgoE?t=3228

Replay - PvP Stalker attack example

Build Order

Get SALT Encoding   

  12  0:00  Probe  
  13  0:12  Probe  
  14  0:16  Pylon  
  14  0:24  Probe (Chrono Boost)  
  16  0:36  Gateway, Probe (Chrono Boost)  
  16  0:43  Probe (Chrono Boost)  
  16  0:46  Assimilator  
  17  0:51  Probe  
  17  0:54  Assimilator  
  18  1:03  Probe  
  19  1:08  Gateway  
  19  1:15  Probe  
  20  1:24  Cybernetics Core  
  20  1:27  Probe (Chrono Boost)  
  20  1:31  Pylon  
  21  1:39  Probe (Chrono Boost)  
  24  2:00  Stalker x2  
  28  2:02  Warp Gate  
  29  2:11  Pylon  
  29  2:30  Sentry  put the 2 sentries at the top of the ramp so they don't get killed by adepts
  31  2:40  Nexus  Use the probe that built the nexus to guard the ramp from adepts
  31  2:43  Sentry  
  34  2:53  Pylon  
  35  3:06  Stalker  
  38  3:16  Twilight Council  
  38  3:27  Shield Battery  
  39  3:38  Pylon  
  42  3:57  Stalker  
  46  4:06  Blink  
  47  4:13  Stalker  
  50  4:21  Stalker  
  55  4:38  Gateway x2  
  57  4:52  Gateway x2  Send a probe out to build a proxy gateway as you build this 6th gateway
  60  5:00  Assimilator  
  60  5:05  Stalker x2  
  66  5:24  Gateway  This is the proxy gateway
  66  5:30  Stalker  
  68  5:38  Stalker x3  
  74  5:50  Stalker x2  
  78  6:00  Stalker x3  
  86  6:10  Stalker x3  This makes 20 stalkers & 2 sentries. Let the enemy know our fury
Spawning Tool Build Advisor. Get it on Overwolf

Analysis

This is kind of an all-in, since you have no forge, robo, 3rd base, or 4th gas.

At the time of the attack, you should have 18 stalkers, which is twice as many as a normal macro protoss would usually have. You'll also be warping in from 7 gateways, while normally you would have 4 gateways at this point and be adding on 4 more soon.

Put at least 4 stalkers on the edges of your base to kill hallucinations. Use your own 2 sentries for hallucinations. If they build DTs unscouted, you're dead. Also, don't build the proxy gateway near a gold base, since the opponent will likely check it.

Go to:

Details

  • Created by: flashandfoul
  • Published on: Oct 24, 2022
  • Modified on: Oct 24, 2022
  • Patch: 4.11.0
  • Difficulty: Medium
Show
View Real Time Build Order
Export as new Build Order

Comments (0)

There are no comments. Be the first!

Create an account to comment!